Cogmind - Beta 15 @@@ ROGUE MODE // 2025.08.01 @ 13:58:49 Player: P9H Result: Destroyed by H-55 Commando with Gauss Rifle Performance ------------- Evolutions (1) 500 Regions Visited (6) 1200 Robots Destroyed (44) 220 Value Destroyed (1185) 1185 Prototype IDs (24) 480 Alien Tech Used (0) 0 Bonus (357) 357 TOTAL SCORE: 3942 Bonus ------- Follower Combat Kills 57 Aligned with FarCom 300 Cogmind --------- Core Integrity 0/400 Matter 150/300 Energy 253/265 System Corruption 7% Temperature Cool (42) Movement Rolling (155) Ox5 Location -8/Mines Parts ------- > --- POWER (1) -------- Improved Ion Engine > --- PROPULSION (2) --- Wheel > --- UTILITY (3) ------ Improved Heat Sink High-capacity Storage Unit > --- WEAPON (3) ------- Heavy EM Pulse Gun Heavy Laser > --- INVENTORY (20) --- Light Ion Engine Light Ion Engine Light Ion Engine Improved Ion Engine Light Nuclear Core Light Angular Momentum Engine Light Treads Improved Heat Sink Large Matter Pod (150) Improved Targeting Computer Cloak of Protection Hacking Suite Mace Peak State ------------ > --- POWER ------------ Improved Ion Engine > --- PROPULSION ------- Wheel Wheel > --- UTILITY ---------- High-capacity Storage Unit Cloak of Protection Sensor Drone Bay > --- WEAPON ----------- Light Cannon Bore Cannon > --- INVENTORY -------- Light Ion Engine Light Ion Engine Light Ion Engine Improved Ion Engine Light Nuclear Core Light Angular Momentum Engine Light Treads Improved Heat Sink Improved Heat Sink Large Matter Pod Improved Targeting Computer Hacking Suite Heavy EM Pulse Gun Mace [Rating: 30] Favorites ----------- Power Improved Ion Engine Engine Improved Ion Engine Propulsion Wheel Treads Light Treads Wheel Wheel Utility Large Storage Unit Device Improved Heat Sink Storage Large Storage Unit Processor Signal Interpreter Protection Light Armor Plating Weapon Light Cannon Energy Gun EM Pulse Gun Energy Cannon Beam Cannon Ballistic Gun Shotgun Ballistic Cannon Light Cannon Launcher Rocket Launcher Build | -11 -10 -10 -9 -9 -9 -8 ------- Run | Yrd Mat Min Mat Min Exi Min Slots Evolved 2 | . . . 2 . . . Power . | . . . . . . . Propulsion . | . . . . . . . Utility 1 | . . . 1 . . . Weapon 1 | . . . 1 . . . Parts Attached 48 | 5 11 3 10 14 1 4 Power 7 | 1 2 1 1 2 . . Engine 7 | 1 2 1 1 2 . . Core . | . . . . . . . Reactor . | . . . . . . . Propulsion 10 | 2 2 . 2 4 . . Treads 4 | . . . 2 2 . . Leg . | . . . . . . . Wheel 6 | 2 2 . . 2 . . Hover . | . . . . . . . Flight . | . . . . . . . Utility 15 | . 5 2 2 3 1 2 Device 7 | . . 2 1 2 . 2 Storage 5 | . 4 . . . 1 . Processor 2 | . 1 . 1 . . . Hackware . | . . . . . . . Protection 1 | . . . . 1 . . Artifact . | . . . . . . . Weapon 16 | 2 2 . 5 5 . 2 Energy Gun 3 | 1 . . . . . 2 Energy Cannon 1 | . . . 1 . . . Ballistic Gun 6 | 1 1 . 2 2 . . Ballistic Cannon 5 | . 1 . 2 2 . . Launcher 1 | . . . . 1 . . Special Weapon . | . . . . . . . Impact Weapon . | . . . . . . . Slashing Weapon . | . . . . . . . Piercing Weapon . | . . . . . . . Special Melee Weapon . | . . . . . . . Unidentified Prototypes 1 | . . . . 1 . . Parts Lost 20 | . 3 2 3 10 . 2 Power 3 | . 1 1 . 1 . . Propulsion 7 | . 1 1 1 3 . 1 Utility 2 | . . . . 2 . . Weapon 8 | . 1 . 2 4 . 1 Highest Loss Streak 8 | . 3 2 3 8 . 2 To Critical Strikes . | . . . . . . . Average Backups 13 | 3 10 14 14 13 14 13 Power 3 | . 1 2 3 4 4 4 Propulsion 1 | 1 2 3 1 1 1 1 Utility 4 | . 3 5 5 4 4 5 Weapon 3 | . 2 4 3 3 4 2 Tool/Special . | . . . . . . . Unused Backups 21 | . 1 2 6 . 2 10 Power 9 | . . . 2 . 2 5 Propulsion . | . . . . . . . Utility 8 | . 1 . 3 . . 4 Weapon 4 | . . 2 1 . . 1 Tool/Special . | . . . . . . . Average Slot Usage (%) 92 | . 96 97 96 96 66 89 Engine 11 | . 13 12 11 10 11 11 Treads 4 | . . . 17 5 . . Wheel 18 | . 26 27 3 15 22 21 Device 12 | . . 13 11 19 22 19 Storage 11 | . 13 14 11 11 11 11 Processor 5 | . 13 . 9 1 . . Energy Gun 1 | . 3 . . . . 2 Ballistic Gun 11 | . 17 14 13 13 . . Ballistic Cannon 12 | . 6 14 13 18 . 24 Peak Build Rating 30 | 5 9 12 20 28 28 30 Average Rating 17 | 3 8 11 16 24 18 25 On Entrance 13 | . 5 9 10 20 28 19 Naked Turns . | . . . . . . . Heaviest Build 81 | 6 32 35 39 60 62 81 Greatest Support 40 | 26 26 20 40 40 20 20 Greatest Overweight (x) 10 | . 1 2 10 2 3 4 Average Overweight (x) 1 | . . 1 1 1 2 3 Largest Inventory Capacity 20 | 5 15 15 15 15 20 20 Average Capacity 14 | 5 11 15 15 15 15 20 Most Carried 15 | 5 15 15 15 15 15 15 Average Carried 13 | 3 10 14 14 13 14 13 Final Capacity 20 | 5 15 15 15 15 20 20 Final Carried 15 | 5 15 15 15 15 15 13 Class Distribution -------------------- 51% | Mutant 23% | Gunner 17% | Scavenger-Gunner 5% | Scavenger-Skirmisher Dominant Class ---------------- Mutant | -10/Materials Mutant | -10/Mines Gunner | -9/Materials Scavenger-Gunner | -9/Mines Mutant | -9/Exiles Mutant | -8/Mines Resources | -11 -10 -10 -9 -9 -9 -8 ----------- Run | Yrd Mat Min Mat Min Exi Min Matter Collected 1945 | 234 424 185 341 545 60 156 Remotely . | . . . . . . . Salvage Created 1332 | . 332 217 349 288 . 146 Parts 77 | . 24 12 24 12 . 5 Haulers Intercepted 1 | . 1 . . . . . Recyclers Shooed . | . . . . . . . Parts Field Recycled . | . . . . . . . Retrieved Matter . | . . . . . . . Parts Self-Destructed . | . . . . . . . Prevented . | . . . . . . . Kills | -11 -10 -10 -9 -9 -9 -8 ------- Run | Yrd Mat Min Mat Min Exi Min Combat Hostiles Destroyed 49 | . 4 6 12 23 . 4 Guns 24 | . 4 2 8 10 . . Cannons 17 | . . 3 4 6 . 4 AOE 8 | . . 1 . 7 . . Classes Destroyed 14 | . 4 3 1 4 . 2 Worker 3 | . 2 . . 1 . . Builder 1 | . . . . 1 . . Tunneler 1 | . . 1 . . . . Hauler 1 | . 1 . . . . . Recycler 2 | . . 1 1 . . . Drone 1 | . . . . . . 1 Watcher 3 | . 3 . . . . . Swarmer 11 | . . 3 6 2 . . Grunt 16 | . 4 3 4 2 . 3 Brawler 1 | . . . . 1 . . Sentry 2 | . . . 2 . . . Demolisher 2 | . . . . 2 . . Hunter 1 | . . . . . . 1 Assembled 16 | . . . . 16 . . Best Kill Streak 16 | . 2 5 8 16 . 3 Combat Bots Only 16 | . 2 5 8 16 . 3 Max Kills in Single Turn 3 | . 1 1 1 3 . 1 Gunslinging . | . . . . . . . Exploded 3 | . . 1 . 3 . . Melee . | . . . . . . . Uniques/NPCs Destroyed . | . . . . . . . Combat | -11 -10 -10 -9 -9 -9 -8 -------- Run | Yrd Mat Min Mat Min Exi Min Hostile Shots Fired 297 | . 32 45 50 138 . 32 Missed 81 | . 6 13 12 43 . 7 Hits 216 | . 26 32 38 95 . 25 Melee 9 | . . . . 9 . . Projectile 207 | . 26 32 38 86 . 25 AOE 6 | . . . . 6 . . Critical Strikes 6 | . 1 . 1 2 . 2 Part Disruptions 1 | . . . . 1 . . Damage Taken 3169 | . 354 402 433 1569 . 411 Core 524 | . 76 44 29 285 . 90 Absorbed by Shields . | . . . . . . . Core Remaining (%) 76 | 100 . 52 . . . . Volleys Fired 138 | . 47 22 22 31 . 16 Largest 3 | . 2 2 3 3 . 3 Hottest 144 | . 60 50 115 108 . 144 Shots Fired 314 | . 83 45 61 82 . 43 Gun 181 | . 81 23 27 43 . 7 Cannon 129 | . 2 22 34 35 . 36 Launcher 4 | . . . . 4 . . Special . | . . . . . . . Kinetic 288 | . 76 45 53 78 . 36 Thermal 11 | . . . 8 . . 3 Explosive 4 | . . . . 4 . . Electromagnetic 11 | . 7 . . . . 4 Robot Hit Streak 11 | . 10 6 11 7 . 6 Robot Miss Streak 9 | . 4 3 3 4 . 9 Penetration Max . | . . . . . . . Secondary Targets . | . . . . . . . Shots Hit Robots 186 | . 52 26 34 51 . 23 Core Hits 112 | . 15 11 18 42 . 26 Critical Kills 3 | . 1 1 . . . 1 Critical Parts Destroyed 2 | . 1 . . . . 1 Critical Strikes 7 | . 2 2 1 . . 2 Destroy 5 | . 2 1 . . . 2 Blast 2 | . . 1 1 . . . Melee Attacks . | . . . . . . . Impact . | . . . . . . . Slashing . | . . . . . . . Piercing . | . . . . . . . Sneak Attacks . | . . . . . . . Combat Hostiles . | . . . . . . . Follow-up Attacks . | . . . . . . . Damage Inflicted 3694 | . 582 520 623 1519 . 450 Guns 1731 | . 566 168 334 574 . 89 Cannons 1270 | . 16 228 289 376 . 361 Explosions 693 | . . 124 . 569 . . Melee . | . . . . . . . Ramming . | . . . . . . . Kinetic 2757 | . 479 396 571 950 . 361 Thermal 231 | . . 124 52 . . 55 Explosive 569 | . . . . 569 . . Electromagnetic 137 | . 103 . . . . 34 Impact . | . . . . . . . Slashing . | . . . . . . . Piercing . | . . . . . . . Highest Corruption 7 | . 5 5 . 7 7 7 Average Corruption 5 | . 1 5 . 6 7 7 Corruption Purged . | . . . . . . . Corruption Blocked . | . . . . . . . Effects 58 | . 4 7 . 24 12 11 Message Errors 17 | . 1 2 . 8 5 1 Matter Fused 15 | . 2 3 . 5 2 3 Heat Flow Errors 9 | . . 1 . 5 2 1 Energy Discharges 5 | . . . . 1 2 2 Parts Rejected 2 | . . . . . . 2 Parts Fused 1 | . 1 . . . . . Data Loss (minor) 1 | . . . . . 1 . Data Loss (major) 2 | . . . . 2 . . Misfires 2 | . . 1 . . . 1 Alerts 2 | . . . . 2 . . Weapon Failures 2 | . . . . 1 . 1 Overload Shots . | . . . . . . . Overflow Damage 117 | . . 2 17 98 . . Projectiles 17 | . . . 17 . . . Explosions 100 | . . 2 . 98 . . Melee . | . . . . . . . Knockbacks 24 | . . 5 2 14 . 3 Impact . | . . . . . . . Kinetic 23 | . . 5 2 14 . 2 Secondary 1 | . . . . . . 1 Self-Inflicted Damage 50 | . . 35 . 15 . . Shots 2 | . . 1 . 1 . . Rammed . | . . . . . . . Targets Rammed . | . . . . . . . Kicked . | . . . . . . . Crushed . | . . . . . . . Highest Temperature 399 | . 56 124 27 221 182 399 Average Temperature 70 | . 17 74 13 57 96 138 Received Heat Transfer 942 | . 225 111 156 279 . 171 Effects 3 | . . . . . . 3 Shutdowns 1 | . . . . . . 1 Short Circuit 2 | . . . . . . 2 Siege Activations . | . . . . . . . Martial Activations . | . . . . . . . Shielding Activations . | . . . . . . . Robots Disrupted . | . . . . . . . Combat Hostiles . | . . . . . . . Robots Corrupted . | . . . . . . . Combat Hostiles . | . . . . . . . Parts Fried . | . . . . . . . Impact Corruptions . | . . . . . . . Robots Melted . | . . . . . . . Combat Hostiles . | . . . . . . . Parts Melted 1 | . . . 1 . . . Heat Transferred 372 | . . 150 111 . . 111 Parts Sabotaged . | . . . . . . . Parts Stolen . | . . . . . . . Parts Stripped . | . . . . . . . Power Chain Reactions . | . . . . . . . Alert | -11 -10 -10 -9 -9 -9 -8 ------- Run | Yrd Mat Min Mat Min Exi Min Maximum Alert Level . | . . . . . . . Low Security (%) 100 | 100 100 100 100 100 . 100 Level 1 . | . . . . . . . Level 2 . | . . . . . . . Level 3 . | . . . . . . . Level 4 . | . . . . . . . Level 5 . | . . . . . . . High Security . | . . . . . . . Max Security . | . . . . . . . Peak Influence 179 | . 50 179 177 115 . 75 Initial 65 | . . . 65 42 . . Average 37 | . 6 26 95 35 . 27 Influence Increases 1215 | . 161 284 352 308 . 110 Destroy 0b10 Robot/C 720 | . 80 120 240 200 . 80 Destroy 0b10 Robot/NC 55 | . 30 10 5 10 . . Destroy Leader 168 | . 28 20 60 40 . 20 Allied During Kill 29 | . . . . 28 . 1 Successful Hack 8 | . 8 . . . . . Disable Machine 90 | . . 60 30 . . . Destroy Structure 55 | . . 14 2 30 . 9 Lose Combat Pursuer 90 | . 15 60 15 . . . Influence Decreases 1215 | . 161 115 412 417 . 110 Entered New Map 171 | . . . 104 67 . . Time Decay 886 | . 151 95 278 262 . 100 Lost Part 158 | . 10 20 30 88 . 10 Squads Dispatched 3 | . . . 2 . . 1 Investigation 2 | . . . 2 . . . Extermination . | . . . . . . . Reinforcement 1 | . . . . . . 1 Assault . | . . . . . . . Garrison . | . . . . . . . Intercept . | . . . . . . . Searches Triggered . | . . . . . . . Construction Impeded 1 | . . . . . . 1 Haulers Reinforced . | . . . . . . . Active Scanning Responses . | . . . . . . . Cargo Convoy Interrupts . | . . . . . . . Stealth | -11 -10 -10 -9 -9 -9 -8 --------- Run | Yrd Mat Min Mat Min Exi Min Distress Signals 1 | . . . 1 . . . Communications Jammed . | . . . . . . . Distress Signals . | . . . . . . . Times Spotted 72 | . 9 10 17 31 . 5 Peak Tracking Total 20 | . 4 5 5 20 . 3 Tactical Retreats 8 | . 1 4 1 2 . . Traps | -11 -10 -10 -9 -9 -9 -8 ------- Run | Yrd Mat Min Mat Min Exi Min Traps Triggered 4 | . 3 1 . . . . Indirectly . | . . . . . . . Trap Hack Attempts . | . . . . . . . Triggered . | . . . . . . . Disarmed . | . . . . . . . Reprogrammed . | . . . . . . . Reused . | . . . . . . . Traps Extracted . | . . . . . . . Installed . | . . . . . . . Triggered . | . . . . . . . Machines | -11 -10 -10 -9 -9 -9 -8 ---------- Run | Yrd Mat Min Mat Min Exi Min Machines Disabled 6 | . . 4 2 . . . Max in Single Turn 3 | . . 3 1 . . . Machines Repaired . | . . . . . . . Machines Dismantled . | . . . . . . . Machines Sabotaged . | . . . . . . . Overloaded Fab Kills . | . . . . . . . Hacking | -11 -10 -10 -9 -9 -9 -8 --------- Run | Yrd Mat Min Mat Min Exi Min Machines Accessed 8 | . 3 1 2 1 1 . Terminals 5 | . 3 . 2 . . . Fabricators . | . . . . . . . Repair Stations . | . . . . . . . Recycling Units . | . . . . . . . Scanalyzers . | . . . . . . . Garrison Access . | . . . . . . . Total Hacks 15 | . 7 1 5 1 1 . Successful 4 | . 1 1 . 1 1 . Failed 11 | . 6 . 5 . . . Catastrophic 6 | . 2 . 4 . . . Database Lockouts . | . . . . . . . Manual 13 | . 7 . 5 . 1 . Terminals 12 | . 7 . 5 . . . Fabricators . | . . . . . . . Repair Stations . | . . . . . . . Recycling Units . | . . . . . . . Scanalyzers . | . . . . . . . Garrison Access . | . . . . . . . Terminal Hacks 4 | . 1 1 . 1 1 . Open Door 2 | . . 1 . 1 . . Registered Components 1 | . 1 . . . . . Proto ID Catalog 1 | . . . . . 1 . Fabricator Hacks . | . . . . . . . Repair Station Hacks . | . . . . . . . Recycling Unit Hacks . | . . . . . . . Scanalyzer . | . . . . . . . Garrison Access Hacks . | . . . . . . . Unauthorized Hacks . | . . . . . . . Terminals . | . . . . . . . Fabricators . | . . . . . . . Repair Stations . | . . . . . . . Recycling Units . | . . . . . . . Scanalyzers . | . . . . . . . Garrison Access . | . . . . . . . Data Cores Recovered 1 | . . . 1 . . . Used . | . . . . . . . Hacking Detections 5 | . 3 . 2 . . . Full Trace Events 2 | . . . 2 . . . Feedback Events . | . . . . . . . Feedback Blocked . | . . . . . . . Robot Schematics Acquired . | . . . . . . . Robots Built . | . . . . . . . Authchips . | . . . . . . . Time . | . . . . . . . Total Robot Build Rating . | . . . . . . . Part Schematics Acquired . | . . . . . . . Parts Built . | . . . . . . . Authchips . | . . . . . . . Time . | . . . . . . . Total Part Build Rating . | . . . . . . . Parts Repaired . | . . . . . . . Time . | . . . . . . . Parts Recycled . | . . . . . . . Recycled Matter . | . . . . . . . Retrieved Matter . | . . . . . . . Retrieved Components . | . . . . . . . Parts Scanalyzed . | . . . . . . . Part Schematics Acquired . | . . . . . . . Parts Damaged . | . . . . . . . Bothacking | -11 -10 -10 -9 -9 -9 -8 ------------ Run | Yrd Mat Min Mat Min Exi Min Used RIF Installer . | . . . . . . . Robots Hacked . | . . . . . . . Non-combat . | . . . . . . . Combat . | . . . . . . . Robot Hacks Applied . | . . . . . . . Relay Couplers Released . | . . . . . . . Fabnet Peak Effective % . | . . . . . . . Robots Rewired . | . . . . . . . Allies Hacked . | . . . . . . . Hacks Repelled . | . . . . . . . Allies | -11 -10 -10 -9 -9 -9 -8 -------- Run | Yrd Mat Min Mat Min Exi Min Total Allies 2 | . . . . 2 . . Largest Group 2 | . . . . 2 1 . Highest-Rated Group 46 | . . . . 46 31 . Highest-Rated Ally 31 | . . . . 31 31 . Total Orders 14 | . . . . 8 . 6 ROAM 1 | . . . . 1 . . EXPLORE 12 | . . . . 7 . 5 RETURN 1 | . . . . . . 1 Ally Attacks 8 | . . . . 8 . . Total Damage 146 | . . . . 146 . . Kills 3 | . . . . 3 . . Allies Corrupted . | . . . . . . . Allies Melted . | . . . . . . . Intel | -11 -10 -10 -9 -9 -9 -8 ------- Run | Yrd Mat Min Mat Min Exi Min Active Infowar (turns) 160 | . . . . 103 . 57 Structural 103 | . . . . 103 . . Cloaking 57 | . . . . . . 57 Robot Analysis Total . | . . . . . . . Derelict Logs Recovered 2 | . . 1 . 1 . . Drone Launches 35 | . . . . 20 . 15 Drone Recoveries 16 | . . . . 5 . 11 Exploration | -11 -10 -10 -9 -9 -9 -8 ------------- Run | Yrd Mat Min Mat Min Exi Min Turns Passed 3375 | 47 785 345 616 922 416 244 Spaces Moved 2211 | 41 606 226 307 619 370 42 Core 9 | 8 . . 1 . . . Treads 276 | . . . 196 80 . . Legs . | . . . . . . . Wheels 1926 | 33 606 226 110 539 370 42 Hover . | . . . . . . . Flight . | . . . . . . . Fastest Speed 50 | 50 80 95 110 110 110 110 Average Speed 111 | 82 91 96 147 119 111 130 Slowest Speed 550 | 90 100 110 550 240 125 140 Overloaded Moves . | . . . . . . . Propulsion Burnouts . | . . . . . . . Robots Hopped . | . . . . . . . Potential Cave-ins . | . . . . . . . Cave-ins Triggered . | . . . . . . . Exploration Rate (%) 56 | 3 82 55 29 100 77 52 Regions Visited 6 Branch Regions 4 Pre-discovered Areas 1 | . . . . 1 . . Known Exits Taken 4 | . 1 . 1 1 1 . Unknown Exits Taken 2 | 1 . 1 . . . . Scrap Searched 1 | . . . . 1 . . Spaces Dug . | . . . . . . . Terrain Destroyed 59 | . . 14 . 34 . 11 Melee . | . . . . . . . Projectile 18 | . . . . 7 . 11 AOE 41 | . . 14 . 27 . . Terrain Rammed . | . . . . . . . Walls Destroyed . | . . . . . . . Machines Disabled . | . . . . . . . Actions | -11 -10 -10 -9 -9 -9 -8 --------- Run | Yrd Mat Min Mat Min Exi Min Total 2862 | 52 763 310 429 733 378 197 Wait 380 | . 77 54 68 58 . 123 Move 2205 | 40 605 225 306 618 369 42 Hop . | . . . . . . . Pick Up 54 | 7 16 2 13 10 1 5 Fast Attach 10 | 3 3 3 1 . . . Attach 31 | 2 4 . 7 11 . 7 Detach 3 | . . . . 1 2 . Swap 12 | . 4 . 2 4 1 1 Drop 29 | . 7 4 10 . 5 3 Fire 138 | . 47 22 22 31 . 16 Melee . | . . . . . . . Ram . | . . . . . . . Kick . | . . . . . . . Crush . | . . . . . . . Escape Stasis . | . . . . . . . Rewire . | . . . . . . . Trap . | . . . . . . . Miscellaneous . | . . . . . . . Route ------- -11/Scrapyard -10/Materials (discovered 6 exits: *Mat x3 / *Min x2 / [*Sub]) -10/Mines -9/Materials (discovered 2 exits: Mat / *Min) -9/Mines (discovered 3 exits: *Mat x2 / *Exi) -9/Exiles -8/Mines (discovered 1 exit: *Mat) History --------- Turn | Location | Event 18 | -11/Scrapyard | Discovered new exit (range 16) 48 | -11/Scrapyard | Entered Materials 146 | -10/Materials | Discovered new exit (range 8) 185 | -10/Materials | Discovered new exit (range 15) 209 | -10/Materials | Discovered new exit (range 6) 216 | -10/Materials | Identified exit to Mines 317 | -10/Materials | Lost 3 parts (1p1n1w) 322 | -10/Materials | Build established: Mutant 376 | -10/Materials | Discovered new exit (range 16) 567 | -10/Materials | Discovered new exit (range 5) 804 | -10/Materials | Discovered new exit (range 8) 833 | -10/Materials | Entered Mines 836 | -10/Mines | Met a Derelict who couldn't figure out how to use a Trap Extractor 836 | -10/Mines | Met a Derelict bent on vengeance 1079 | -10/Mines | Learned location of 1 exit from Materials 1112 | -10/Mines | Discovered new exit (range 10) 1178 | -10/Mines | Entered Materials 1178 | -9/Materials | Evolved 2 slots: Utility x1, Weapon x1 1179 | -9/Materials | Identified exit to Materials 1408 | -9/Materials | Lost 3 parts (1n2w) 1426 | -9/Materials | Destroyed 8 combat bots 1685 | -9/Materials | Build established: Gunner 1757 | -9/Materials | Discovered new exit (range 14) 1791 | -9/Materials | Identified exit to Mines 1794 | -9/Materials | Entered Mines 1861 | -9/Mines | Assembled infested the area 1866 | -9/Mines | Assisted by a Guerilla fighting off Assembled 1899 | -9/Mines | Core integrity fell below 50% 1927 | -9/Mines | Lost 8 parts (1p2n2u3w) 1951 | -9/Mines | Destroyed 16 combat bots 2117 | -9/Mines | Found the Drone Emporium 2122 | -9/Mines | Found Prototype Device 2123 | -9/Mines | Identified Sensor Drone Bay 2238 | -9/Mines | Learned location of Storage (-7) 2328 | -9/Mines | Discovered exit to Materials (range 32) 2374 | -9/Mines | A weapon hastily lodged in a ceiling crevice suddenly fell to the ground 2403 | -9/Mines | Discovered exit to Materials (range 11) 2429 | -9/Mines | Build established: Scavenger-Gunner 2711 | -9/Mines | Deemed a non-threat by the Exiles lab entrance 2711 | -9/Mines | Discovered new exit (range 5) 2715 | -9/Mines | Identified exit to Exiles 2716 | -9/Mines | Entered Exiles 2716 | -9/Exiles | Accompanied by 12 allies 2745 | -9/Exiles | Met 8R-AWN 2746 | -9/Exiles | Led the pair of lost Derelicts to a safe place 2765 | -9/Exiles | Met EX-HEX 2794 | -9/Exiles | Met EX-BIN 2809 | -9/Exiles | Aligned with FarCom system 2810 | -9/Exiles | Given EX-Vault access code 2839 | -9/Exiles | Opened EX-Vault 2845 | -9/Exiles | Found Cloak of Protection 2867 | -9/Exiles | Warned to stay clear of 0b10 Research branches 2898 | -9/Exiles | Met EX-DEC 2935 | -9/Exiles | Visited The Gauntlet 3017 | -9/Exiles | Build established: Mutant 3020 | -9/Exiles | Discovered new exit (range 10) 3131 | -9/Exiles | Identified exit to Mines 3132 | -9/Exiles | Left Exiles lab with Cloak of Protection 3132 | -9/Exiles | Entered Mines 3132 | -8/Mines | Accompanied by 11 allies 3134 | -8/Mines | Core integrity fell below 20% 3232 | -8/Mines | Discovered exit to Materials (range 39) 3376 | -8/Mines | Destroyed by H-55 Commando with Gauss Rifle Last Messages --------------- 03306_ Sensor Drone released from Sensor Drone Bay. 03327_ Acquired 36 matter. 03328_ Acquired 2 matter. 03341_ Dropped Broken Bore Cannon. 03343_ System corrupted: FCS attempts to trigger Lgt. Cannon. 03343_ System corrupted: Lgt. Cannon misfires. 03345_ Sensor Drone retrieved by Sensor Drone Bay (no repairs). 03346_ Dropped Sensor Drone Bay. 03346_ >> Lost connection to Sensor Drone. 03360_ System corrupted: Matter fused (-6). 03364_ Slug penetrates Wall. 03364_ Wheel destroyed. 03366_ System corrupted: Hvy. Laser failed to cycle. 03373_ Penetrated by Slug. 03373_ Lgt. Cannon destroyed. 03373_ R-06 Scavenger collects Sensor Drone Bay. Map ----- +----------------------------------------------------+ | | | | | | | | | | | | | | | | | | | | | ?????????????????????????????????????? | | ?????????????????????????????????????? | | ??######?????????????????????????????? | | ?# #?????????????????????????????? | | ?# #?????????????????????????????? | | ?# #?????????????????????????????? | | ?# #????????###??????????????????? | | ?# """ #??????## #??????????????????? | | ?# """ #????### #??????????????????? | | ?# """ #???## #????????##????##??? | | ?# #???# #?????????# ###?# ##? | | ??### ##??## ###################### | | ????# #???# r!] [ | | ????# ##### ################!] | | ????# ## #?????????##### | | ????##### ###@ #?????????????# | | ????????# #?##h###?????????????####### | | ???????## #### #?????????????????????? | | ???????# #?????????????????????? | | ???????# ######?????????????????????? | | ???????# #??????????????????????????? | | ???????# #??????????????????????????? | | ??????## ##?????????????????????????? | | ?????## #?????????????????????????? | | ?????# #?????????????????????????? | | ????## #????????? ???????????????? | | ????# ##??????? ??????????????? | | ????# #????????? ??????????????? | | ????# ##????????? ?????????????? | | ????# ########?? ?????????????? | | ????## #??? ????????????? | | ?????## ##### #????! ????????????? | | ??????## ##??# #????? ???????????? | | ???????## ##?# #????? ###????????? | | ???????## ### ###???? #????????? | | ???????# #????? #????????? | | ???????# #### #?????# #????????? | | ???????# ##??# ####### ######???? | | ???????# ##???# #???? | | ??????# ##????### ########## #???? | +----------------------------------------------------+ Best States ------------- Heat Dissipation 42 Energy Generation 18 Energy Capacity 265 Matter Stores 300 Matter Capacity 350 Sight Range 16 Terrain Scan Density 10 Cloak Strength 5 Armor Coverage 150 Evasion (%) 44 Recoil Reduction 2 Item Schematics ----------------- None Robot Schematics ------------------ None Fabricated ------------ Nothing Repaired ---------- Nothing Alien Tech Used ----------------- None Achievements -------------- Exterminator Release The Drones! Challenges ------------ None Game ------ Seed ProjectileCompositeStick Manual? 0 Play Time 00:32:30 Cumulative 64.0 hours Start 2025.08.01 @ 13:27:32 End 2025.08.01 @ 13:58:49 Sessions 1 Manual Loads 0 Difficulty Rogue Special Mode None Game No. 122 Rogue 122 Adventurer 0 Explorer 0 Win Type - Total 0 Types 0/0/0/0/0/0/0/0/0/0 Lore% 14 Gallery% 36 Achievement% 30 Wizard Run 0 Options --------- Layout 1 ASCII 0 Keyboard 0 Movement Mouse Keybinds 0 Fullscreen 2 Font 32/SmallcapsGlow Map View 50x35 Zoom Use 0% Tactical HUD 1 Map Filters NONE Filters NONE Steam 1 RUN: bde769bc-429c-4527-8952-a530f6255a88